 Dungeon Crawl Stone Soup version 0.17-a0-1646-geb1493d (webtiles) character file.

51 LilCorpsy the Twirler (level 3, -4/27 HPs)
             Began as a Demonspawn Gladiator on Aug 11, 2015.
             Killed by nerve-wracking pain
             ... invoked by an orc priest
              (14 damage)
             ... on level 3 of the Dungeon.
             The game lasted 00:02:31 (1573 turns).

LilCorpsy the Twirler (Demonspawn Gladiator)        Turns: 1573, Time: 00:02:33

Health: -4/27      AC:  5    Str: 15    XL:     3   Next: 58%
Magic:  4/4        EV: 13    Int:  9    God:
Gold:   88         SH:  0    Dex: 14    Spells: 0 memorised, 4 levels left

rFire  + . .     SeeInvis .     a - +0 quarterstaff
rCold  . . .     Clarity  .     b - +0 leather armour
rNeg   . . .     SustAt   .     (no shield)
rPois  .         Gourm    .     m - +2 hat
rElec  .         Spirit   .     (no cloak)
rCorr  .         Warding  .     (no gloves)
rMut   .         Stasis   .     (no boots)
MR     .....                    (no amulet)
Stlth  +.........               (no ring)
                                h - ring of fire

@: not resistant to hostile enchantments, very unstealthy
A: cold resistance 1, demonic guardian 1
a: no special abilities


You were on level 3 of the Dungeon.
You were not hungry.

You visited 1 branch of the dungeon, and saw 3 of its levels.

You collected 88 gold pieces.

Inventory:

Hand weapons
 a - a +0 quarterstaff (weapon)
Missiles
 d - 3 throwing nets (quivered)
Armour
 b - a +0 leather armour (worn)
 m - a +2 hat (worn)
Jewellery
 h - a ring of fire (left hand)
 n - an uncursed ring of ice {unknown}
Scrolls
 i - a scroll of recharging {unknown}
 k - 4 scrolls of remove curse {unknown}
 q - a scroll of amnesia {unknown}
 r - a scroll of teleportation {unknown}
Potions
 c - a potion of brilliance {unknown}
 f - 2 potions of haste {unknown}
 g - a potion of agility {unknown}
 j - a potion of might {unknown}
 l - 2 potions of cancellation {unknown}
 o - 2 potions of curing {unknown}
Comestibles
 e - a bread ration
 p - 3 beef jerkies


   Skills:
 - Level 2.0 Fighting
 * Level 3.5 Staves
 - Level 1.7 Throwing
 + Level 3.1 Dodging
 + Level 1.2 Spellcasting


You had 4 spell levels left.
You didn't know any spells.

Dungeon Overview and Level Annotations

Branches:
Dungeon (3/15)

Altars:
The Shining One


Innate Abilities, Weirdness & Mutations

Your flesh is cold resistant.
A weak demonic guardian rushes to your aid.


Message History

The orc wizard mumbles some strange words.
The orc wizard blinks!
The orc moves out of view.
An orc priest comes into view. It is wielding a hand axe.
The orc priest shouts!
The goblin hits you but does no damage.
The orc priest invokes the aid of Beogh against you.
Something smites you!
Ouch! That really hurt!
You sock the goblin!
You kill the goblin!
The orc wizard casts a spell.
The orc wizard blinks!
The ball python misses you. The ball python grabs you.
The ball python constricts you.
You thump the ball python!
You kill the ball python!
Your quasit disappears in a puff of smoke!
The orc priest invokes the aid of Beogh against you.
Pain shoots through your body!
Ouch! That really hurt!
You die...

#.. ..... #.. §....
..#####..# ...o.
.........## o>o.
#...##.........###oo#
..8..##..##.!.......#
.8.8.. #........).!###.#
8._.8. ###...#..@..(....
.8.8..##........>†..##.#
..8..##.................
# ##..##...##.........
## ##..####..##.##.....#
.###..## ....#... ......
..#..## ........####....
#.#.## #......## ###.
#...# ...#....#


You could see an orc priest, an orc wizard and 3 orcs.

Vanquished Creatures
  2 adders
  An ooze (D:3)
  A giant gecko (D:2)
  A ball python (D:3)
  5 bats
  A giant cockroach (D:1)
  3 hobgoblins
  5 kobolds
  2 quokkas (D:2)
  2 giant newts (D:1)
  3 goblins
  3 rats
29 creatures vanquished.

Notes
Turn   | Place    | Note
--------------------------------------------------------------
     0 | D:1      | LilCorpsy the Demonspawn Gladiator began the quest for the Orb.
     0 | D:1      | Reached XP level 1. HP: 16/16 MP: 1/1
   652 | D:1      | Gained mutation: Your flesh is cold resistant. [demonic ancestry]
   652 | D:1      | Reached XP level 2. HP: 22/22 MP: 3/3
   657 | D:1      | Reached skill level 3 in Staves
   931 | D:2      | Reached skill level 1 in Spellcasting
  1079 | D:2      | Gained mutation: A weak demonic guardian rushes to your aid. [demonic ancestry]
  1079 | D:2      | Reached XP level 3. HP: 27/27 MP: 4/4
  1557 | D:3      | Found a glowing golden altar of the Shining One.
  1573 | D:3      | Killed from afar by an orc priest

Vault maps used:
D:1:      sevenhm_arrival_forest_fort_large_4
D:3:      tso_metal_star, elyvilon_altar_1

Action                   || total
-------------------------++-------
Melee: Quarterstaff      ||    66
  Eat: Bread ration      ||     1
